 Dungeon Crawl Stone Soup version 0.22-a0-414-gacd343e (webtiles) character file.

160779 Kairos the Severer (level 16, -5/135 HPs)
             Began as a Demonspawn Gladiator on May 13, 2018.
             Was the Champion of Okawaru.
             Slain by a ghost moth (9 damage)
             ... on level 3 of the Spider Nest on May 14, 2018.
             The game lasted 01:33:44 (36092 turns).

Kairos the Severer (Demonspawn Gladiator)          Turns: 36092, Time: 01:33:46

Health: -5/135     AC: 20    Str: 29 (31) XL:     16   Next: 92%
Magic:  0/31       EV: 17    Int: 11 (13) God:    Okawaru [******]
Gold:   1891       SH:  7    Dex: 18 (21) Spells: 33/37 levels left

rFire    . . .     SeeInvis .   a - +3 war axe (vamp)
rCold    + . .     Gourm    .   P - +2 buckler {AC+3}
rNeg     . . .     Faith    .   p - +1 ring mail "Depn" {Regen+ Str+2 Int+4 Dex+3}
rPois    +         Spirit   +   c - +2 hat
rElec    +         Reflect  .   Q - +0 cloak of Oggirev {rCorr Dex+3}
rCorr    +         Harm     .   L - +3 pair of gauntlets of War {Slay+5}
MR       +....                  (boots unavailable)
Stlth    ++++......             i - amulet of guardian spirit
HPRegen  0.72/turn              T - ring of Dithmenos's Approval {rElec rC+ Str+2}
MPRegen  0.22/turn              E - +5 ring of strength

@: no status effects
A: hooves 3, rugged brown scales 3, deformed body, demonic guardian 2,
nightstalker 2, poison resistance, screaming 1, wild magic 1, augmentation 1
}: 1/15 runes: decaying
a: Heroism, Finesse, Renounce Religion


You were on level 3 of the Spider Nest.
You worshipped Okawaru.
Okawaru was exalted by your worship.
You were not hungry.

You visited 5 branches of the dungeon, and saw 25 of its levels.
You also visited: Ice Cave.

You collected 1891 gold pieces.

Inventory:

Hand Weapons
 a - a +3 vampiric war axe (weapon)
 d - a +2 broad axe of venom
 k - a +2 antimagic executioner's axe
 m - the +1 broad axe of Defiance {flame, rElec rF++ rC+}
   (Okawaru gifted it to you on level 1 of the Swamp)

   It has been specially enchanted to burn those struck by it, causing extra
   injury to most foes and up to half again as much damage against particularly
   susceptible opponents.
   Big, fiery blades are also staple armaments of hydra-hunters.
   It greatly protects you from fire.
   It protects you from cold.
   It insulates you from electricity.
 U - the +1 arbalest of Circularity {freeze, +Fly rPois rC- Str+6}
   (Okawaru gifted it to you on level 2 of the Lair of Beasts)

   It causes projectiles fired from it to freeze those they strike, causing
   extra injury to most foes and up to half again as much damage against
   particularly susceptible opponents.
   They can also slow down cold-blooded creatures.
   It affects your strength (+6).
   It makes you vulnerable to cold.
   It protects you from poison.
   It lets you fly.
 W - a +4 demon whip of draining
Missiles
 b - 80 bolts
Armour
 c - a +2 hat (worn)
 l - a scarf of cloud immunity
 n - a +1 buckler of cold resistance
 p - the +1 ring mail "Depn" (worn) {Regen+ Str+2 Int+4 Dex+3}
   (Okawaru gifted it to you on level 2 of the Spider Nest)

   It affects your strength (+2).
   It affects your intelligence (+4).
   It affects your dexterity (+3).
   It increases your rate of regeneration.
 r - the +2 scale mail "Oloxeoj" {MR+ Dex+3}
   (You found it on level 2 of the Swamp)

   It affects your dexterity (+3).
   It affects your resistance to hostile enchantments.
 y - the +1 scale mail of the Game of Life {+Inv}
   (You found it on level 1 of the Swamp)

   It lets you turn invisible.
 L - the +3 pair of gauntlets of War (worn) {Slay+5}
   (You found it on level 6 of the Lair of Beasts)

   It affects your accuracy and damage with ranged weapons and melee attacks
   (+5).
 P - a +2 buckler of protection (worn)
 Q - the +0 cloak of Oggirev (worn) {rCorr Dex+3}
   (Okawaru gifted it to you on level 10 of the Dungeon)

   It affects your dexterity (+3).
   It protects you from acid and corrosion.
 V - the +0 buckler of the Griffon {rF+ Dex+3}
   (Okawaru gifted it to you on level 6 of the Lair of Beasts)

   It affects your dexterity (+3).
   It protects you from fire.
Jewellery
 i - an amulet of guardian spirit (around neck)
 D - an uncursed ring of wizardry
 E - a +5 ring of strength (right hand)
 N - an uncursed ring of flight
 O - an uncursed amulet of magic regeneration
 T - the ring of Dithmenos's Approval (left hand) {rElec rC+ Str+2}
   (You found it on level 2 of the Lair of Beasts)

   [ring of protection from cold]

   It affects your strength (+2).
   It protects you from cold.
   It insulates you from electricity.
Wands
 v - a wand of paralysis (28)
 F - a wand of scattershot (3)
 H - a wand of disintegration (33)
 J - a wand of enslavement (30)
Scrolls
 e - 10 scrolls of immolation
 h - 4 scrolls of silence
 j - 14 scrolls of remove curse
 q - a scroll of magic mapping
 w - a scroll of brand weapon
 A - 6 scrolls of fog
 B - 7 scrolls of teleportation
 C - 3 scrolls of fear
 I - a scroll of blinking
 M - a scroll of summoning
 R - 4 scrolls of enchant armour
 S - a scroll of amnesia
Potions
 g - 2 potions of cancellation
 o - a potion of heal wounds
 s - 4 potions of curing
 t - 6 potions of ambrosia
 u - 7 potions of brilliance
 x - 2 potions of flight
 z - a potion of might
 G - 2 potions of lignification
 K - a potion of invisibility
 X - a potion of berserk rage
 Y - a potion of agility {unknown}
 Z - a potion of resistance {unknown}
Comestibles
 f - 23 rations


   Skills:
 + Level 12.2 Fighting
 + Level 16.1(16.3) Axes
 + Level 3.2(11.3) Maces & Flails
 + Level 1.9 Throwing
 + Level 11.2 Armour
 + Level 7.4 Dodging
 + Level 5.0 Stealth
 - Level 4.0 Shields
 * Level 11.2 Spellcasting
 + Level 0.2 Necromancy
 * Level 9.3 Invocations
 * Level 7.3 Evocations


You had 33 spell levels left.
You knew the following spells:

 Your Spells              Type           Power        Failure   Level  Hunger
a - Apportation           Tloc           #.....       22%         1    None
b - Regeneration          Chrm/Necr      #.........   47%         3    ##.....

Your spell library contained the following spells:

 Spells                   Type           Power        Failure   Level  Hunger
 Cause Fear               Hex            #.........   88%         4    ####...
 Lightning Bolt           Conj/Air       #.........   99%         5    #####..
 Bolt of Magma            Conj/Fire/Erth #.........   99%         5    #####..
 Invisibility             Hex            #.......     100%        6    #######
 Venom Bolt               Conj/Pois      #.........   99%         5    #####..
 Summon Small Mammal      Summ           #...         22%         1    None
 Animate Dead             Necr           N/A          86%         4    ####...
 Pain                     Necr           #...         21%         1    None
 Animate Skeleton         Necr           N/A          21%         1    None
 Vampiric Draining        Necr           #.........   47%         3    ##.....
 Dispel Undead            Necr           #.......     99%         5    #####..
 Iron Shot                Conj/Erth      #.........   100%        6    #######
 Shock                    Conj/Air       #...         22%         1    None
 Swiftness                Chrm/Air       #.......     30%         2    None
 Ice Form                 Ice/Tmut       #.......     88%         4    ####...
 Deflect Missiles         Chrm/Air       #.........   100%        6    #######
 Airstrike                Air            #.........   88%         4    ####...
 Confusing Touch          Hex            #.....       22%         1    None
 Passwall                 Tmut/Erth      #.........   30%         2    None
 Silence                  Hex/Air        #.........   99%         5    #####..
 Static Discharge         Conj/Air       #.......     50%         3    ##.....
 Lee's Rapid Deconstruct  Erth           #.........   99%         5    #####..
 Simulacrum               Ice/Necr       #.........   100%        6    #######
 Excruciating Wounds      Chrm/Necr      #.........   99%         5    #####..
 Passage of Golubria      Tloc           N/A          88%         4    ####...
 Orb of Destruction       Conj           #.........   100%        7    #######
 Darkness                 Hex            #.........   100%        6    #######
 Iskenderun's Battlesphe  Conj/Chrm      #.......     99%         5    #####..
 Discord                  Hex            #.........   100%        8    #######
 Spellforged Servitor     Conj/Summ      #.........   100%        7    #######
 Yara's Violent Unravell  Hex/Tmut       #.........   99%         5    #####..


Dungeon Overview and Level Annotations

Branches:
Dungeon (10/15)            Temple (1/1) D:6            Lair (6/6) D:10
  Swamp (4/4) Lair:3       Spider (4/4) Lair:3        Slime (0/5) Lair:6
    Orc (0/2) D:9

Altars:
Cheibriados
Dithmenos
Elyvilon
Fedhas
Gozag
Hepliaklqana
Kikubaaqudgha
Makhleb
Nemelex Xobeh
Okawaru
Qazlal
Ru
Sif Muna
Trog
Uskayaw
Vehumet
Wu Jian
Xom
Yredelemnul
Zin
The Shining One
Beogh
Jiyva

Annotations:
D:8 1 runed door


Innate Abilities, Weirdness & Mutations

You have hooves in place of feet.
You are completely covered in rugged brown scales. (AC +3, +7% HP)
A demonic guardian rushes to your aid.
You are significantly more attuned to the shadows.
Your magical and physical power is slightly enhanced at high health.
Armour fits poorly on your strangely shaped body.
Your system is resistant to poisons. (rPois)
You occasionally shout uncontrollably at your foes.
Your spells are a little harder to cast, but a little more powerful.


Message History

The tarantella completely misses you. You block the tarantella's attack.
You feel you are being watched by something.
There is an escape hatch in the ceiling here.
The tarantella bites you!
* * * LOW HITPOINT WARNING * * *
Something hits you!
* * * LOW HITPOINT WARNING * * *
Something completely misses you.
Something stings you but does no damage.
The tarantella barely misses you. A mysterious force pulls you upwards.
The hatch slams shut behind you.
You slash the tarantella!
You feel better.
You kill the tarantella!
Okawaru accepts your kill.
You hit something.
You feel better.
You feel you are being watched by something.
Something hits you!
* * * LOW HITPOINT WARNING * * *
Something hits you!
You die...

.^#<......#.#^.######.#...#.##
.#..##^..#....###..##^###.###
.##.##.....#.......###^##.#
...###..#^....#.......##.##
#.## #......(.##....###..#
#..###.#.#...###...##^.###
##...^......#.######....#
...^..#.^...#...........#
...#..###.......@....#^.#
.#...## #.........#..^..#
###### #################


There were no monsters in sight!

Vanquished Creatures
  the Lernaean hydra (Swamp:4)
  Nikola (Swamp:2)
  Jorgrun (Swamp:3)
  A thorn hunter (Swamp:4)
  Kirke (Swamp:3)
  The ghost of Patate the Deadly Accurate, a journeyman TrHu of Trog (Swamp:2)
  A ghost moth (Spider:4)
  4 emperor scorpions
  A stone giant (Swamp:3)
  A reaper (IceCv)
  2 entropy weavers (Spider:2)
  2 spark wasps
  18 hydras
  11 alligators
  A catoblepas (Lair:6)
  10 death yaks (Lair:6)
  6 swamp dragons
  A shambling mangrove (Swamp:1)
  An oklob plant (Lair:2)
  24 wolf spiders
  15 orb spiders
  2 manticores (Lair:6)
  2 moths of wrath
  2 ice statues (IceCv)
  2 elephants (Lair:6)
  2 black mambas
  3 torpor snails
  8 spiny frogs
  The ghost of Verendum the Spear-Bearer, a novice MfWr of Uskayaw (D:5)
  3 rime drakes
  4 komodo dragons
  9 ice devils (IceCv)
  11 demonic crawlers
  A troll (D:10)
  33 jumping spiders
  7 tyrant leeches
  Grinder (D:4)
  6 slime creatures
  8 hippogriffs
  11 hornets
  12 blink frogs
  2 bog bodies
  2 polar bears
  A dream sheep (Lair:2)
  4 spriggans
  72 redbacks
  23 tarantellas
  3 wyverns
  27 yaks
  5 basilisks
  3 hogs (Swamp:3)
  A steam dragon (D:8)
  19 swamp worms
  24 vampire mosquitoes
  2 insubstantial wisps (Swamp:3)
  Menkaure (D:5)
  16 water moccasins
  5 porcupines
  11 orc warriors
  11 swamp drakes
  10 sky beasts
  14 ice beasts
  2 black bears
  5 ogres
  2 phantoms
  2 wolves
  2 centaurs
  11 crocodiles
  11 bullfrogs
  5 scorpions
  A water moccasin skeleton (D:5)
  17 killer bees (D:10)
  8 wights
  A howler monkey (D:8)
  An electric eel (D:8)
  A centaur zombie (D:8)
  2 bullfrog zombies
  4 crimson imps
  7 hounds
  2 gnoll shamans (D:4)
  15 orc wizards
  9 orc priests
  A centaur skeleton (D:6)
  2 jellies
  2 bullfrog skeletons
  Natasha (D:2)
  3 iguanas
  5 hell rats (Lair:6)
  6 worker ants
  A killer bee zombie (D:8)
  2 hound skeletons
  A hound zombie (D:9)
  A killer bee simulacrum (D:8)
  3 worker ant zombies
  14 gnolls
  A howler monkey skeleton (D:8)
  17 adders
  5 shadow imps
  6 white imps (IceCv)
  A worker ant simulacrum (D:8)
  11 ufetubi
  An ooze (D:4)
  An adder zombie (D:6)
  A worm (D:6)
  A dart slug (D:3)
  3 leopard geckos
  67 orcs
  A ball python (D:2)
  7 giant cockroaches
  8 goblins
  3 hobgoblins
  15 jackals
  7 quokkas
  4 bats
  5 frilled lizards
  10 kobolds
  A leopard gecko skeleton (D:8)
  A quokka simulacrum (D:8)
  8 rats
  5 fungi
828 creatures vanquished.

Vanquished Creatures (collateral kills)
  A fire giant (Swamp:3)
  An entropy weaver (Spider:4)
  3 catoblepae (Lair:6)
  7 hydras
  3 two-headed ogres (D:8)
  A centaur warrior (D:8)
  2 alligators
  2 orb spiders
  A wolf spider (Spider:3)
  2 oklob plants (Lair:2)
  A cyclops (Swamp:3)
  4 elephants (Lair:6)
  A spiny frog (Lair:1)
  A rime drake (Lair:1)
  A demonic crawler (Spider:4)
  A polar bear (D:8)
  A queen bee (D:10)
  7 jumping spiders
  A bog body (Swamp:1)
  2 slime creatures (Swamp:1)
  3 blink frogs
  9 yaks
  4 tarantellas
  6 redbacks
  A hog (Swamp:3)
  3 basilisks
  A vampire mosquito (Swamp:1)
  A steam dragon (Lair:4)
  An acid dragon (D:8)
  2 porcupines (Lair:1)
  A swamp drake (Swamp:3)
  A big kobold (D:8)
  Blork the orc (D:5)
  A bullfrog (Lair:5)
  12 killer bees (D:10)
  2 hounds
  An orc wizard (D:5)
  2 iguanas
  A worker ant (D:4)
  3 gnolls
  3 adders (D:2)
  An ufetubus (IceCv)
  2 orcs
  A giant cockroach (D:3)
  A butterfly (Lair:2)
  2 plants
109 creatures vanquished.

Vanquished Creatures (others)
  An insubstantial wisp (Swamp:3)
  A white imp (IceCv)
  4 ufetubi (IceCv)
  15 fungi
  9 plants
30 creatures vanquished.

Grand Total: 967 creatures vanquished

Notes
Turn   | Place    | Note
-------+----------+-------------------------------------------
     0 | D:1      | Kairos the Demonspawn Gladiator began the quest for the Orb.
     0 | D:1      | Reached XP level 1. HP: 16/16 MP: 1/1
   106 | D:1      | Reached skill level 3 in Axes
   552 | D:1      | Gained mutation: A weak demonic guardian rushes to your aid. [demonic ancestry]
   552 | D:1      | Reached XP level 2. HP: 22/22 MP: 2/2
  1052 | D:2      | Gained mutation: You have large cloven feet. [demonic ancestry]
  1052 | D:2      | Reached XP level 3. HP: 21/27 MP: 3/3
  1425 | D:2      | Found an ancient bone altar of Kikubaaqudgha.
  1817 | D:2      | Reached skill level 1 in Armour
  1819 | D:2      | Gained mutation: You are slightly more attuned to the shadows. [demonic ancestry]
  1819 | D:2      | Reached XP level 4. HP: 34/34 MP: 4/4
  1862 | D:2      | Noticed Natasha
  1866 | D:2      | Killed Natasha
  2212 | D:3      | Reached skill level 4 in Axes
  2215 | D:3      | Gained mutation: You have hoof-like feet. [demonic ancestry]
  2215 | D:3      | Reached XP level 5. HP: 35/39 MP: 5/5
  3197 | D:4      | Reached skill level 5 in Axes
  3197 | D:4      | Reached XP level 6. HP: 23/46 MP: 6/6
  4064 | D:4      | Noticed Grinder
  4447 | D:4      | Gained mutation: You are partially covered in rugged brown scales. (AC +1, +3% HP) [demonic ancestry]
  4447 | D:4      | Reached XP level 7. HP: 37/53 MP: 7/7
  4483 | D:4      | Paralysed by Grinder for 5 turns
  4514 | D:4      | Killed Grinder
  4514 | D:4      | Reached skill level 6 in Axes
  5107 | D:5      | Entered Level 5 of the Dungeon
  5107 | D:5      | Noticed Verendum's ghost (novice MfWr)
  5143 | D:4      | HP: 1/53 [something/puff of frost (13)]
  5996 | D:5      | Gained mutation: You have hooves in place of feet. [demonic ancestry]
  5996 | D:5      | Reached XP level 8. HP: 37/61 MP: 6/8
  6016 | D:5      | Noticed Menkaure
  6055 | D:5      | Noticed Blork the orc
  6126 | D:4      | Reached skill level 1 in Stealth
  6219 | D:5      | Killed Blork the orc
  6219 | D:5      | Reached skill level 7 in Axes
  6283 | D:5      | Found a stormy altar of Qazlal.
  6779 | D:5      | Killed Verendum's ghost
  6834 | D:5      | Reached skill level 8 in Axes
  7234 | D:5      | Killed Menkaure
  7735 | D:6      | Gained mutation: A demonic guardian rushes to your aid. [demonic ancestry]
  7735 | D:6      | Reached XP level 9. HP: 69/69 MP: 9/9
  7865 | D:6      | Reached skill level 5 in Fighting
  7931 | D:6      | Reached skill level 5 in Armour
  8006 | D:6      | Reached skill level 9 in Axes
  8018 | D:6      | Found a staircase to the Ecumenical Temple.
  8038 | Temple   | Entered the Ecumenical Temple
  8162 | Temple   | Became a worshipper of Warmaster Okawaru
  9640 | D:8      | Noticed a polar bear
  9701 | D:8      | Found a runed door.
  9925 | D:8      | Noticed a two-headed ogre
  9933 | D:8      | Killed a two-headed ogre
  9933 | D:8      | Reached * piety under Okawaru
  9933 | D:8      | Reached ** piety under Okawaru
  9952 | D:8      | Reached skill level 10 in Axes
 10062 | D:8      | Gained mutation: Your magical and physical power is slightly enhanced at high health. [demonic ancestry]
 10062 | D:8      | Reached XP level 10. HP: 70/78 MP: 10/10
 10562 | D:8      | Learned a level 1 spell: Apportation
 10576 | D:8      | Reached *** piety under Okawaru
 10607 | D:8      | Noticed a two-headed ogre
 10611 | D:8      | Killed a two-headed ogre
 10934 | D:8      | Reached skill level 1 in Spellcasting
 11010 | D:8      | Found a runed door.
 11038 | D:8      | Found a radiant altar of Vehumet.
 11139 | D:8      | Noticed a two-headed ogre
 11153 | D:8      | Killed a two-headed ogre
 11153 | D:8      | Reached **** piety under Okawaru
 11207 | D:8      | Reached skill level 11 in Axes
 11231 | D:8      | Received a gift from Okawaru
 11243 | D:8      | Noticed a centaur warrior
 11258 | D:8      | HP: 2/79 [acid (12)]
 11260 | D:8      | Killed a centaur warrior
 12050 | D:9      | Reached ***** piety under Okawaru
 12050 | D:9      | Gained mutation: You are mostly covered in rugged brown scales. (AC +2, +5% HP) [demonic ancestry]
 12050 | D:9      | Reached XP level 11. HP: 76/87 MP: 14/14
 12297 | D:9      | Found a roughly hewn altar of Beogh.
 12297 | D:9      | Found a staircase to the Orcish Mines.
 12588 | D:10     | Entered Level 10 of the Dungeon
 12913 | D:10     | Received a gift from Okawaru
 13382 | D:10     | Found a staircase to the Lair.
 13499 | D:10     | Found a roughly hewn altar of Beogh.
 13631 | D:10     | Received a gift from Okawaru
 13655 | D:10     | Got a distressingly furry cloak {god gift}
 13661 | D:10     | Identified the +0 cloak of Oggirev {rCorr Dex+3} (Okawaru gifted it to you on level 10 of the Dungeon)
 14020 | Lair:1   | Entered Level 1 of the Lair of Beasts
 14131 | Lair:1   | Reached skill level 12 in Axes
 14342 | Lair:1   | Reached skill level 5 in Dodging
 14675 | Lair:2   | Noticed a four-headed hydra
 14676 | Lair:2   | Noticed a six-headed hydra
 14683 | Lair:2   | Killed a six-headed hydra
 14683 | Lair:2   | Reached skill level 5 in Spellcasting
 14683 | Lair:2   | Reached XP level 12. HP: 70/96 MP: 11/19
 14710 | Lair:2   | Noticed an eight-headed hydra
 14728 | Lair:2   | Killed an eight-headed hydra
 15106 | Lair:2   | Got a translucent granite ring
 15235 | Lair:2   | Noticed a seven-headed hydra
 15353 | Lair:2   | Noticed a four-headed hydra
 15364 | Lair:2   | Killed a four-headed hydra
 15593 | Lair:2   | Received a gift from Okawaru
 15596 | Lair:2   | Got a crude arbalest {god gift}
 15677 | Lair:2   | Killed a seven-headed hydra
 15783 | Lair:2   | Reached skill level 1 in Maces & Flails
 15988 | Lair:2   | Identified the ring of Dithmenos's Approval {rElec rC+ Str+2} (You found it on level 2 of the Lair of Beasts)
 16059 | Lair:3   | Found a staircase to the Swamp.
 16173 | Lair:3   | Found a hole to the Spider Nest.
 16196 | Lair:3   | Reached skill level 13 in Axes
 16419 | Lair:3   | Reached ****** piety under Okawaru
 16464 | Lair:3   | Received a gift from Okawaru
 17094 | Lair:4   | Killed a four-headed hydra
 17398 | Lair:4   | Noticed a seven-headed hydra
 17634 | Lair:4   | Killed a seven-headed hydra
 17699 | Lair:4   | Gained mutation: You are significantly more attuned to the shadows. [demonic ancestry]
 17699 | Lair:4   | Reached XP level 13. HP: 99/106 MP: 18/23
 17952 | Lair:5   | Found a frozen archway.
 18000 | IceCv    | Entered an ice cave
 19432 | IceCv    | Noticed a reaper
 19458 | IceCv    | Killed a reaper
 19831 | Lair:5   | Identified the Handbook of Dark Changing
 20824 | Lair:6   | Entered Level 6 of the Lair of Beasts
 20881 | Lair:6   | Received a gift from Okawaru
 20893 | Lair:6   | Reached skill level 1 in Shields
 21261 | Lair:6   | Reached skill level 14 in Axes
 21511 | Lair:6   | Received a gift from Okawaru
 21516 | Lair:6   | Got a smoking buckler {god gift}
 21527 | Lair:6   | Identified the +0 buckler of the Griffon {rF+ Dex+3} (Okawaru gifted it to you on level 6 of the Lair of Beasts)
 21587 | Lair:6   | Found a viscous altar of Jiyva.
 21588 | Lair:6   | Found a staircase to the Slime Pits.
 21761 | Lair:6   | Reached skill level 10 in Armour
 21793 | Lair:6   | Reached skill level 10 in Fighting
 21850 | Lair:6   | Found the +3 pair of gauntlets of War {Slay+5}
 21855 | Lair:6   | Gained mutation: You are completely covered in rugged brown scales. (AC +3, +7% HP) [demonic ancestry]
 21855 | Lair:6   | Reached XP level 14. HP: 108/117 MP: 26/26
 22080 | Lair:6   | Identified the +1 arbalest of Circularity {freeze, +Fly rPois rC- Str+6} (Okawaru gifted it to you on level 2 of the Lair of Beasts)
 22227 | Swamp:1  | Entered Level 1 of the Swamp
 22269 | Swamp:1  | Received a gift from Okawaru
 22283 | Swamp:1  | Got an encrusted broad axe {god gift}
 22292 | Swamp:1  | Identified the +1 broad axe of Defiance {flame, rElec rF++ rC+} (Okawaru gifted it to you on level 1 of the Swamp)
 22655 | Swamp:1  | Got a faintly humming scale mail
 22666 | Swamp:1  | Identified the cursed +1 scale mail of the Game of Life {+Inv} (You found it on level 1 of the Swamp)
 23404 | Swamp:1  | Reached skill level 1 in Invocations
 23447 | Swamp:1  | Reached skill level 1 in Evocations
 23520 | Swamp:1  | Learned a level 3 spell: Regeneration
 23669 | Swamp:2  | Noticed Patate's ghost (journeyman TrHu)
 23689 | Swamp:2  | Killed Patate's ghost
 23689 | Swamp:2  | Received a gift from Okawaru
 24073 | Swamp:2  | Got a polished scale mail
 24084 | Swamp:2  | Identified the +2 scale mail "Oloxeoj" {MR+ Dex+3} (You found it on level 2 of the Swamp)
 24265 | Swamp:2  | You fall through a shaft!
 24285 | Swamp:3  | Was placed under penance by Okawaru
 24300 | Swamp:3  | Noticed a stone giant
 24300 | Swamp:3  | Noticed a fire giant
 24309 | Swamp:3  | Killed a fire giant
 25207 | Swamp:3  | Noticed Kirke
 25217 | Swamp:3  | Killed Kirke
 25217 | Swamp:3  | Was forgiven by Okawaru
 25256 | Swamp:3  | Noticed Jorgrun
 25269 | Swamp:3  | Killed Jorgrun
 25448 | Swamp:3  | Found a bloodstained altar of Trog.
 25810 | Swamp:3  | Reached XP level 15. HP: 103/125 MP: 24/28
 26561 | Swamp:4  | Entered Level 4 of the Swamp
 26720 | Swamp:2  | Noticed Nikola
 26729 | Swamp:2  | Killed Nikola
 26729 | Swamp:2  | Received a gift from Okawaru
 26729 | Swamp:2  | Reached skill level 15 in Axes
 26835 | Swamp:2  | Found a basalt altar of Yredelemnul.
 26980 | Swamp:4  | Reached skill level 5 in Invocations
 27340 | Swamp:4  | Noticed a thorn hunter
 27351 | Swamp:4  | Killed a thorn hunter
 27351 | Swamp:4  | Received a gift from Okawaru
 27418 | Swamp:4  | Noticed the 27-headed Lernaean hydra
 28450 | Swamp:4  | Killed the 23-headed Lernaean hydra
 28450 | Swamp:4  | Reached skill level 10 in Spellcasting
 28951 | Swamp:4  | Got a decaying rune of Zot
 29238 | Spider:1 | Entered Level 1 of the Spider Nest
 29263 | Lair:3   | Reached skill level 5 in Evocations
 29942 | Spider:1 | Received a gift from Okawaru
 31625 | Lair:3   | Gained mutation: You are frail. (-10% HP) [potion of mutation]
 31625 | Lair:3   | Gained mutation: Your magical capacity is low. (-10% MP) [potion of mutation]
 31625 | Lair:3   | Gained mutation: You are agile. (Dex +2) [potion of mutation]
 32007 | Spider:1 | Lost mutation: Your magical capacity is low. (-10% MP) [potion of mutation]
 32007 | Spider:1 | Lost mutation: You are frail. (-10% HP) [potion of mutation]
 32007 | Spider:1 | Lost mutation: You are agile. (Dex +2) [potion of mutation]
 32007 | Spider:1 | Gained mutation: Your spells are a little harder to cast, but a little more powerful. [potion of mutation]
 32007 | Spider:1 | Gained mutation: Armour fits poorly on your strangely shaped body. [potion of mutation]
 32007 | Spider:1 | Gained mutation: You occasionally shout uncontrollably at your foes. [potion of mutation]
 32007 | Spider:1 | Gained mutation: Your system is resistant to poisons. (rPois) [potion of mutation]
 32365 | Spider:1 | Reached XP level 16. HP: 88/134 MP: 28/30
 32476 | Spider:1 | Got a crystal hand axe
 32477 | Spider:1 | Identified the +5 hand axe of the Saviour {freeze, rN+} (You found it on level 1 of the Spider Nest)
 32705 | Spider:2 | Received a gift from Okawaru
 32825 | Spider:2 | Received a gift from Okawaru
 32837 | Spider:2 | Got a translucent ring mail {god gift}
 32848 | Spider:2 | Identified the +1 ring mail "Depn" {Regen+ Str+2 Int+4 Dex+3} (Okawaru gifted it to you on level 2 of the Spider Nest)
 34661 | Spider:4 | Entered Level 4 of the Spider Nest
 34706 | Spider:4 | Reached skill level 16 in Axes
 34733 | Spider:4 | Received a gift from Okawaru
 35441 | Spider:4 | Received a gift from Okawaru
 35556 | Spider:4 | Reached skill level 5 in Stealth
 36092 | Spider:3 | HP: 4/135 [something (12)]
 36092 | Spider:3 | Slain by a ghost moth

Vault maps used:
D:1:      dpeg_arrival_leaves_temple_mockup, due_unseen_surprise
D:2:      lemuel_upstairs_altar, lemuel_crystal_altar, uniq_natasha
D:4:      serial_glass, glass_columns_c, glass_columns_a, uniq_grinder
D:5:      first_ration, grunt_qazlal_sundering, uniq_menkaure,
          uniq_blork_the_orc
D:6:      nicolae_whirlpool, minmay_temple_entry_large_hall
D:8:      cheibrodos_histonic, serial_ice, serial_ice_b, serial_ice_i,
          serial_ice_e, serial_ice_o, serial_ice_c, serial_ice_a,
          grunt_ogre_cave, vehumet_altar_wand_db
D:9:      david_orc_5, minmay_misc_feat_plants, kennysheep_generic_room_2
D:10:     lair_entry_dummy, serial_glass, glass_columns_b, glass_columns_c,
          special_room, kennysheep_generic_room_5
Temple:   regret_index_temple_sigil_plot
Lair:2:   nzn_random_ring, grunt_megastairs_5, lemuel_fruit_fields,
          minmay_lair_oklob_chamber
Lair:3:   swamp_mist, nicolae_spider_entry_tight_spaces
Lair:5:   portal_ice_cave_entry_ice_beasts, infiniplex_staircase_pool,
          lemuel_fruit_fields, lemuel_fruit_fields
Lair:6:   evilmike_catoblepas_cave, slime_altar_1, serial_bayou_lagoon_b
Swamp:1:  evilmike_swamp_ruin_house_2
Swamp:2:  basic_altar, uniq_nikola
Swamp:3:  nicolae_swamp_godswood, swamp_pool5, uniq_kirke, uniq_jorgrun
Swamp:4:  swamp_old_school
Spider:1: hangedman_spider_trapstep
Spider:4: spider_rune_water
IceCv:    ice_cave_small_demon

Skill      XL: |  1  2  3  4  5  6  7  8  9 10 11 12 13 14 15 16 |
---------------+-------------------------------------------------+-----
Axes           | 3 4 5 6 8 10 11 12 13 14 15 16 | 16.1
Dodging        | 3 4 5 6 7 |  7.4
Armour         | 1 2 3 4 6 7 8 9 10 11 | 11.2
Fighting       | 3 4 5 6 7 9 10 11 12 | 12.2
Stealth        | 1 2 3 4 5 |  5.0
Spellcasting   | 2 5 6 8 9 10 11 | 11.2
Maces & Flails | 1 2 3 |  3.2
Shields        | 2 3 4 |  4.0
Invocations    | 4 7 9 |  9.3
Evocations     | 3 5 7 |  7.3
Throwing       | |  1.9
Necromancy     | |  0.2

Action                   |  1- 3 |  4- 6 |  7- 9 | 10-12 | 13-15 | 16-18 || total
-------------------------+-------+-------+-------+-------+-------+-------++-------
Melee: War axe           |    88 |   166 |   315 |   584 |   302 |   175 ||  1630
       Kick              |     3 |    55 |   107 |   230 |   396 |   176 ||   967
       Flail             |       |       |       |     8 |       |       ||     8
       Demon whip        |       |       |       |       |    69 |       ||    69
       Broad axe         |       |       |       |       |   430 |   172 ||   602
Throw: Throwing net      |       |       |     1 |       |       |       ||     1
 Cast: Regeneration      |       |       |       |       |     1 |       ||     1
Invok: Heroism           |       |       |       |     1 |    13 |     4 ||    18
       Finesse           |       |       |       |       |     1 |       ||     1
Evoke: Wand              |       |       |     1 |       |       |       ||     1
  Use: Scroll            |       |     5 |       |    14 |    18 |     4 ||    41
       Potion            |       |       |       |       |    11 |     2 ||    13
 Stab: Distracted        |       |       |     1 |     3 |     8 |     2 ||    14
       Petrifying        |       |       |       |       |     2 |       ||     2
       Petrified         |       |       |       |       |     2 |       ||     2
       Sleeping          |       |       |       |       |     5 |     2 ||     7
       Confused          |       |       |       |       |     1 |       ||     1
  Eat: Chunk             |     1 |    10 |     2 |    11 |     5 |     6 ||    35
       Ration            |       |       |     6 |     4 |    14 |     4 ||    28
Armor: Leather armour    |     7 |       |       |       |       |       ||     7
       Chain mail        |    51 |    50 |   171 |   346 |   233 |       ||   851
       Ring mail         |       |    30 |       |       |       |   165 ||   195
       Scale mail        |       |       |       |       |   242 |    27 ||   269
       Swamp dragon scal |       |       |       |       |    37 |    15 ||    52
Dodge: Dodged            |    47 |   104 |   164 |   360 |   548 |   312 ||  1535
Block: Buckler           |       |       |       |       |   262 |   156 ||   418

Table legend:
 A = Spawn XP
 B = Non-spawn XP
 C = Spawn XP percentage of total XP
 D = Spawn monster count
 E = Non-spawn monster count
 F = Spawn count percentage of total count
 G = Total turns spent on level
                    A         B        C        D         E        F      G
               +---------+---------+-------+---------+---------+-------+---------
         Total |       0 |  211114 |   0.0 |       0 |     927 |   0.0 | 36092
               +---------+---------+-------+---------+---------+-------+---------
           D:1 |       0 |      27 |   0.0 |       0 |      16 |   0.0 |  1024
           D:2 |       0 |     117 |   0.0 |       0 |      16 |   0.0 |  1124
           D:3 |       0 |     145 |   0.0 |       0 |      30 |   0.0 |  1019
           D:4 |       0 |     812 |   0.0 |       0 |      28 |   0.0 |  3141
           D:5 |       0 |    1546 |   0.0 |       0 |      31 |   0.0 |  1391
           D:6 |       0 |    1063 |   0.0 |       0 |      29 |   0.0 |   659
           D:7 |       0 |     710 |   0.0 |       0 |      18 |   0.0 |  1167
           D:8 |       0 |    6018 |   0.0 |       0 |      64 |   0.0 |  2219
           D:9 |       0 |    1689 |   0.0 |       0 |      52 |   0.0 |   705
          D:10 |       0 |    4827 |   0.0 |       0 |      92 |   0.0 |  1432
        Lair:1 |       0 |    2654 |   0.0 |       0 |      16 |   0.0 |   584
        Lair:2 |       0 |    7685 |   0.0 |       0 |      29 |   0.0 |  1521
        Lair:3 |       0 |   10558 |   0.0 |       0 |      40 |   0.0 |  3629
        Lair:4 |       0 |    4674 |   0.0 |       0 |      21 |   0.0 |   893
        Lair:5 |       0 |    2998 |   0.0 |       0 |      17 |   0.0 |  1184
        Lair:6 |       0 |   21522 |   0.0 |       0 |      60 |   0.0 |  1243
       Swamp:1 |       0 |   13409 |   0.0 |       0 |      38 |   0.0 |  1441
       Swamp:2 |       0 |    8138 |   0.0 |       0 |       8 |   0.0 |  1111
       Swamp:3 |       0 |   20125 |   0.0 |       0 |      39 |   0.0 |  2389
       Swamp:4 |       0 |   26176 |   0.0 |       0 |      49 |   0.0 |  2224
      Spider:1 |       0 |   17576 |   0.0 |       0 |      57 |   0.0 |   757
      Spider:2 |       0 |   15999 |   0.0 |       0 |      42 |   0.0 |   761
      Spider:3 |       0 |   12405 |   0.0 |       0 |      40 |   0.0 |  1554
      Spider:4 |       0 |   26030 |   0.0 |       0 |      68 |   0.0 |   973
         IceCv |       0 |    4211 |   0.0 |       0 |      27 |   0.0 |  1808
               +---------+---------+-------+---------+---------+-------+---------
